 Dungeon Crawl Stone Soup version 0.14-a0-817-g3f7b0b1 (webtiles) character file.

17020 Malachi the Basher (level 13, -1/79 HPs)
             Began as a Formicid Hunter on Nov 12, 2013.
             Was a High Priest of Nemelex Xobeh.
             Slain by a blink frog (7 damage)
             ... on Level 1 of the Lair of Beasts.
             The game lasted 00:51:35 (17895 turns).

Malachi the Basher (Formicid Hunter)               Turns: 17895, Time: 00:51:37

HP  -1/79        AC 23     Str 23      XL: 13   Next:  4%
MP  25/25        EV  8     Int 10      God: Nemelex Xobeh [*****.]
Gold 640         SH  0     Dex 11      Spells:  0 memorised, 12 levels left

Res.Fire  : . . .   See Invis. : +   y - +2,+1 giant spiked club
Res.Cold  : . . .   Warding    : .   a - +3 chain mail (curse)
Life Prot.: . . .   Conserve   : .   (no shield)
Res.Poison: x       Res.Corr.  : .   (helmet unavailable)
Res.Elec. : .       Clarity    : .   t - +0 cloak
Sust.Abil.: . .     Spirit.Shd : .   (no gloves)
Res.Mut.  : .       Stasis     : +   (no boots)
Res.Rott. : .       Flight     : .   (no amulet)
Saprovore : . . .                    (no ring)
                                     (no ring)

@: somewhat resistant to hostile enchantments, extremely unstealthy
A: permanent stasis, dig shafts and tunnels, four strong arms, poison weakness,
antennae 3, hooves 1, exoskeleton 1, AC +6
a: Dig, Shaft Self, Draw One, Peek at Two, Triple Draw, Deal Four, Stack Five,
Renounce Religion


You were on level 1 of the Lair of Beasts.
You worshipped Nemelex Xobeh.
Nemelex Xobeh was extremely pleased with you.
You were not hungry.

You visited 3 branches of the dungeon, and saw 14 of its levels.

You collected 640 gold pieces.

Inventory:

Hand weapons
 y - a +2,+1 giant spiked club (weapon)
Missiles
 c - a silver javelin (quivered)
Armour
 a - a cursed +3 chain mail (worn)
 k - a +0 pair of boots
 t - a +0 cloak (worn)
Comestibles
 f - 7 bread rations
 l - 4 meat rations
Scrolls
 d - 6 scrolls of remove curse
 j - 5 scrolls of identify
 o - a scroll of recharging
 C - a scroll of fear
Potions
 g - 2 potions of brilliance
 h - 3 potions of magic
 s - a potion of flight
 u - 2 potions of agility
 z - 2 potions of might
Books
 m - a book of the Earth

   Spells                             Type                      Level
   Dig                                Earth                        4
   Leda's Liquefaction                Hexes/Earth                  4
   Bolt of Magma                      Conjuration/Fire/Earth       5
   Statue Form                        Transmutation/Earth          6
   Iron Shot                          Conjuration/Earth            6
   Shatter                            Earth                        9
Miscellaneous
 e - a legendary deck of escape {drawn: 1}
 i - a plain deck of escape {drawn: 1}
 q - a lantern of shadows
 r - an ornate deck of summonings
 x - a plain deck of summonings {drawn: 4}
 B - a plain deck of escape {drawn: 1}


   Skills:
 + Level 7.3 Fighting
   Level 1.2 Short Blades
 + Level 10.4 Maces & Flails
 + Level 5.4 Throwing
 + Level 10.0 Armour
 + Level 8.5 Dodging
 - Level 2.0 Stealth
 + Level 0.2 Unarmed Combat
 * Level 9.0 Evocations


You had 12 spell levels left.
You didn't know any spells.

Dungeon Overview and Level Annotations

Branches:
Dungeon (12/27)            Temple (1/1) D:4             Orc (0/4) D:6
   Lair (1/8) D:11

Altars:
Ashenzari
Cheibriados
Elyvilon
Fedhas
Kikubaaqudgha
Makhleb
Nemelex Xobeh
Okawaru
Sif Muna
Trog
Vehumet
Xom
Yredelemnul
Zin
the Shining One
Beogh


Innate Abilities, Weirdness & Mutations

Your are under a permanent stasis effect.
You can dig through walls and to a lower floor.
Your four strong arms can wield any weapon, most with a shield.
You are susceptible to poison.
You have a pair of large antennae on your head (SInv).
Your body is surrounded by an exoskeleton. (HP +5, AC +1)
You have large cloven feet.
You are partially covered in iridescent scales (AC +4).
You are partially covered in yellow scales (AC +2).


Message History

You throw a large rock.
The blink frog momentarily phases out as the large rock passes through it.
The blink frog hits you but does no damage.
Throwing (i - inventory. (,) - cycle):
p - a large rock (quivered)
Press: ? - help, Shift-Dir - straight line, f/p - blink frog
Aim: a blink frog (almost dead)
You throw a large rock. The large rock misses the blink frog.
The blink frog hits you but does no damage.
The blink frog completely misses you.
The blink frog hits you but does no damage.
Throwing (i - inventory):
c - 2 silver javelins (quivered)
Press: ? - help, Shift-Dir - straight line, f/p - blink frog
Aim: a blink frog (almost dead)
You throw a silver javelin. The silver javelin hits the blink frog.
The blink frog is almost dead.
The blink frog hits you!
* * * LOW HITPOINT WARNING * * *
The blink frog blinks!
The blink frog hits you!
You die...
Your body glows slightly and disappears.

.###...# ............
#.## .#.....##. .#..
...#. ........#...#.P
.... .........#.#..# ...
....#.##..#...# .!#
....#..#.#.#f.##...###
................#%(..#
..#.#.#.......##@#
....#.........#ยง#F.....#
.?#.#..........##...##.#
###.###.......#.#..(.. #
#.##...F(...##..##(##
#.###.......# #.# .# #.#
###...### #.. # ... #.#..
..# #.# .##... .


You could see 2 blink frogs.

Vanquished Creatures
  A deep troll shaman (D:11)
  Erolcha (D:8)
  2 cyclopes
  3 hill giants
  Maurice (D:8)
  A spiny frog (Lair:1)
  2 komodo dragons (D:11)
  A spriggan (D:7)
  3 trolls
  Prince Ribbit (D:8)
  A blink frog (Lair:1)
  A griffon zombie (D:10)
  3 ugly things (D:11)
  3 yaks (D:8)
  A hippogriff (D:8)
  A wyvern (D:10)
  3 necrophages (D:8)
  A manticore (D:10)
  A vampire mosquito (D:11)
  A swamp drake (D:11)
  3 black bears
  3 ice beasts
  3 sky beasts
  6 orc warriors
  3 big kobolds
  5 centaurs
  6 ogres
  Sigmund (D:7)
  Duvessa (D:7)
  A crocodile (D:10)
  6 giant frogs
  20 wights
  A hippogriff zombie (D:10)
  A troll zombie (D:8)
  A yak zombie (D:10)
  16 killer bees
  Dowan (D:7)
  8 crimson imps
  3 centaur zombies
  2 goliath beetles
  A quasit (D:9)
  3 human zombies (D:8)
  9 orc priests
  A jelly (D:11)
  2 centaur skeletons (D:11)
  12 orc wizards
  5 hounds
  5 iguanas (D:11)
  12 worker ants
  4 scorpions
  4 ogre zombies (D:8)
  Jessica (D:3)
  3 boggarts (D:10)
  3 mummies
  Terence (D:3)
  A worker ant zombie (D:7)
  An elf zombie (D:8)
  2 giant centipedes
  16 adders
  A giant mite (D:4)
  An inept feature mimic (D:3)
  7 worms
  2 adder skeletons (D:4)
  An adder zombie (D:5)
  An iguana skeleton (D:9)
  2 giant eyeballs
  5 giant geckos
  2 oozes
  62 orcs
  2 ball pythons
  4 giant cockroaches
  12 goblins
  20 hobgoblins
  8 jackals
  16 kobolds
  5 quokkas
  10 bats
  2 giant gecko skeletons
  8 giant newts
  2 hobgoblin skeletons
  A hobgoblin zombie (D:5)
  An orc zombie (D:8)
  11 rats
  A ballistomycete (D:11)
  A bush (D:4)
397 creatures vanquished.

Vanquished Creatures (collateral kills)
  The ghost of SkaryMonk the Covert, an experienced DrMo of Ashenzari (D:11)
  Urug (D:11)
  A komodo dragon (D:11)
  Sonja (D:10)
  A yak (D:8)
  A yellow wasp (D:11)
  A boring beetle (D:10)
  A giant frog (D:11)
  A gnoll shaman (D:7)
  A worker ant (D:11)
  2 boggarts (D:10)
  5 gnolls (D:7)
  6 orcs (D:11)
  A kobold (D:10)
24 creatures vanquished.

Vanquished Creatures (others)
  A skeletal warrior (D:11)
  A vapour (D:11)
  An ugly thing (D:11)
  A yellow wasp (D:11)
  A water moccasin skeleton (D:8)
  2 ufetubi
  A giant spore (D:11)
  2 ballistomycetes (D:11)
10 creatures vanquished.

Grand Total: 431 creatures vanquished

Notes
Turn   | Place    | Note
--------------------------------------------------------------
     0 | D:1      | Malachi, the Formicid Hunter, began the quest for the Orb.
     0 | D:1      | Reached XP level 1. HP: 17/17 MP: 0/0
   348 | D:1      | Reached XP level 2. HP: 20/22 MP: 1/1
   677 | D:1      | Reached XP level 3. HP: 26/26 MP: 2/2
  1474 | D:2      | Reached XP level 4. HP: 32/32 MP: 3/3
  1501 | D:2      | Reached skill level 1 in Armour
  1850 | D:3      | Noticed Jessica
  1855 | D:3      | Killed Jessica
  1986 | D:3      | Reached XP level 5. HP: 24/36 MP: 4/4
  3231 | D:3      | Noticed Terence
  3233 | D:3      | Killed Terence
  3233 | D:3      | Reached XP level 6. HP: 41/41 MP: 5/5
  3426 | D:4      | Reached skill level 1 in Maces & Flails
  3770 | D:4      | Found a staircase to the Ecumenical Temple.
  3776 | D:4      | Reached XP level 7. HP: 45/45 MP: 6/6
  3793 | Temple   | Entered the Ecumenical Temple
  4089 | Temple   | Became a worshipper of Nemelex Xobeh
  4288 | D:4      | Noticed an ogre
  4292 | D:4      | Killed an ogre
  4292 | D:4      | Reached skill level 4 in Dodging
  4372 | D:4      | Received a gift from Nemelex Xobeh
  4748 | D:4      | Found a blossoming altar of Fedhas.
  4913 | D:4      | Acquired Nemelex Xobeh's first power
  5001 | D:4      | Reached XP level 8. HP: 35/51 MP: 7/7
  5371 | D:5      | Entered Level 5 of the Dungeon
  5811 | D:5      | Reached skill level 5 in Armour
  5824 | D:5      | Acquired Nemelex Xobeh's second power
  5859 | D:5      | Reached XP level 9. HP: 54/56 MP: 8/8
  6051 | D:6      | Reached skill level 5 in Maces & Flails
  6226 | D:6      | Received a gift from Nemelex Xobeh
  6328 | D:6      | Reached skill level 5 in Dodging
  6742 | D:6      | Found a staircase to the Orcish Mines.
  6916 | D:7      | Reached skill level 6 in Armour
  7150 | D:7      | Reached skill level 1 in Evocations
  7287 | D:7      | Noticed Sigmund
  7291 | D:7      | Killed Sigmund
  7296 | D:7      | Received a gift from Nemelex Xobeh
  7389 | D:7      | Noticed a spriggan baker
  7392 | D:7      | Killed a spriggan baker
  7520 | D:7      | Acquired Nemelex Xobeh's third power
  7814 | D:7      | Noticed Dowan
  7817 | D:7      | Noticed Duvessa
  7825 | D:7      | Killed Duvessa
  7825 | D:7      | Reached XP level 10. HP: 28/61 MP: 11/13
  7827 | D:7      | Killed Dowan
  8081 | D:8      | Gained mutation: You have a fast metabolism. [potion of mutation]
  8081 | D:8      | Gained mutation: You are partially covered in yellow scales (AC +2). [potion of mutation]
  8081 | D:8      | Gained mutation: You have large cloven feet. [potion of mutation]
  8082 | D:8      | Gained mutation: You are frail (-10% HP). [potion of mutation]
  8082 | D:8      | Gained mutation: You can spit poison. [potion of mutation]
  8083 | D:8      | Lost mutation: You can spit poison. [potion of cure mutation]
  8083 | D:8      | Lost mutation: You are frail (-10% HP). [potion of cure mutation]
  8083 | D:8      | Lost mutation: You have a fast metabolism. [potion of cure mutation]
  8250 | D:8      | Noticed Maurice
  8256 | D:8      | Killed Maurice
  8256 | D:8      | Reached skill level 7 in Armour
  8560 | D:8      | Noticed Erolcha
  8567 | D:8      | Killed Erolcha
  8567 | D:8      | Reached skill level 5 in Fighting
  8724 | D:8      | Noticed Prince Ribbit
  8740 | D:8      | Killed Prince Ribbit
  8946 | D:8      | Acquired Nemelex Xobeh's fourth power
  9016 | D:8      | Received a gift from Nemelex Xobeh
  9310 | D:8      | Reached skill level 5 in Evocations
  9418 | D:8      | Reached XP level 11. HP: 55/67 MP: 18/18
  9510 | D:8      | Reached skill level 8 in Armour
 10049 | D:8      | Found a basalt altar of Yredelemnul.
 10742 | D:8      | Received a gift from Nemelex Xobeh
 11819 | D:9      | Reached skill level 5 in Throwing
 12331 | D:9      | Acquired Nemelex Xobeh's fifth power
 12430 | D:10     | Entered Level 10 of the Dungeon
 12469 | D:10     | Noticed a cyclops
 12474 | D:10     | Killed a cyclops
 12949 | D:10     | Noticed a hill giant
 12961 | D:10     | Killed a hill giant
 12961 | D:10     | Reached skill level 9 in Armour
 13216 | D:10     | Noticed Sonja
 13241 | D:10     | Killed Sonja
 13324 | D:10     | Received a gift from Nemelex Xobeh
 13339 | D:10     | Reached XP level 12. HP: 41/73 MP: 22/22
 14535 | D:11     | Noticed Urug
 14549 | D:11     | Killed Urug
 14909 | D:11     | Noticed SkaryMonk's ghost (experienced DrMo)
 14925 | D:11     | Killed SkaryMonk's ghost
 15445 | D:11     | Received a gift from Nemelex Xobeh
 15714 | D:11     | Found a roughly hewn altar of Beogh.
 15720 | D:11     | Noticed a deep troll shaman
 15730 | D:11     | Killed a deep troll shaman
 15884 | D:11     | Reached skill level 10 in Maces & Flails
 16085 | D:11     | Received a gift from Nemelex Xobeh
 16268 | D:11     | Found a staircase to the Lair.
 17154 | D:11     | Gained mutation: You are partially covered in iridescent scales (AC +4). [potion of beneficial mutation]
 17240 | D:11     | Reached skill level 10 in Armour
 17386 | D:12     | Reached XP level 13. HP: 48/79 MP: 25/25
 17591 | Lair:1   | Entered Level 1 of the Lair of Beasts
 17895 | Lair:1   | Slain by a blink frog

Action                   |  1- 3 |  4- 6 |  7- 9 | 10-12 | 13-15 || total
-------------------------+-------+-------+-------+-------+-------++-------
Melee: Whip              |    22 |       |       |       |       ||    22
       Short sword       |    84 |    10 |       |       |       ||    94
       Morningstar       |       |   114 |   291 |       |       ||   405
       Giant spiked club |       |       |    43 |   616 |    35 ||   694
       Unarmed           |       |       |       |    11 |       ||    11
Throw: Large rock        |     9 |    17 |    38 |    83 |     5 ||   152
       Throwing net      |       |       |     2 |       |       ||     2
       Javelin           |       |       |       |    17 |     1 ||    18
Invok: Draw One          |       |       |     5 |    14 |       ||    19
       Triple Draw       |       |       |       |     1 |       ||     1
       Deal Four         |       |       |       |     1 |       ||     1
Evoke: Wand              |       |     1 |       |     4 |       ||     5
       Deck              |       |       |     7 |       |       ||     7
  Use: Scroll            |     3 |    12 |     3 |    10 |       ||    28
       Potion            |       |     6 |     1 |    13 |       ||    20
 Stab: Sleeping          |       |     1 |       |       |       ||     1
       Invisible         |       |       |       |     5 |       ||     5
